Map: Ulrena

Players

Miltreta - Winner!

  • Race: Terran Terran

A.I. 1 (Easy)

  • Race: Terran Terran

VOD

Have the link to the VOD?

Description

Time

  • Played on: March 2, 2016, 11:26 a.m.
  • Length: 7:53
Show
View Real Time Build Order
Export as new Build Order

Miltreta Terran - Winner!

Build Orders: MMM Bio 

Get SALT Encoding   

  12  0:02  SCV  
  13  0:14  SCV  
  14  0:22  Supply Depot  
  14  0:26  SCV  
  15  0:42  Supply Depot  
  15  0:49  Barracks  
  15  0:51  SCV  
  16  1:06  Refinery  
  16  1:18  SCV  
  17  1:29  Refinery  
  18  1:32  SCV  
  18  1:39  Marine  
  19  1:45  SCV  
  20  1:53  Barracks  
  20  1:57  Marine  
  21  2:03  SCV  
  22  2:15  SCV  
  23  2:18  Reaper  
  24  2:27  SCV  
  25  2:45  Barracks Tech Lab  
  25  2:58  Reaper  
  26  3:06  Marauder  
  28  3:16  Engineering Bay  
  28  3:24  Supply Depot  
  28  3:28  Marauder  
  30  3:36  Supply Depot  
  30  3:54  Barracks Reactor  
  29  4:07  Planetary Fortress  
  29  4:12  Marauder  
  31  4:18  Stimpack  
  31  4:33  Marauder  
  33  4:40  Supply Depot  
  33  4:42  Marine x2  
  35  5:00  Marine x2  
  35  5:03  Factory  
  35  5:07  Marauder  
  39  5:17  Marine  
  39  5:18  Marine  
  41  5:28  Marauder  
  43  5:35  Marine x2  
  45  5:52  Marauder  
  45  5:53  Marine x2  
  48  6:11  Marine x2  
  48  6:13  Marauder  
  52  6:18  Combat Shields  
  48  6:29  Marine x2  
  47  6:35  Marauder  
  49  6:47  Reaper x2  
  51  7:06  Marauder  
  53  7:19  Reaper x2  
Show
View Real Time Build Order
Export as new Build Order

A.I. 1 (Easy) Terran 

Build Orders:  

Get SALT Encoding   

  12  0:00  SCV  
  13  0:13  SCV  
  14  0:20  Supply Depot  
  14  0:25  SCV  
  15  0:41  SCV  
  16  0:44  Barracks  
  16  0:45  Refinery  
  16  1:10  Supply Depot  
  16  1:21  Refinery  
  16  1:30  Barracks Tech Lab  
  16  1:32  Orbital Command  
  16  1:48  Marine  
  17  2:11  Marauder  
  17  2:15  Supply Depot  
  19  2:17  SCV  
  20  2:29  SCV  
  21  2:34  Marauder  
  23  2:41  SCV  
  24  2:53  SCV  
  24  2:57  Marine  
  26  3:05  SCV  
  27  3:18  SCV  
  27  3:19  Marine  
  29  3:43  Marauder  
  31  4:05  Marine  
  32  6:22  Marine  
  25  6:35  SCV  
  23  6:44  Marauder  
  23  6:46  Supply Depot  
  24  6:47  SCV, Factory  
  22  6:55  Command Center  
  22  6:59  SCV  
  21  7:05  Marine  
  22  7:11  SCV  
  16  7:23  Marine  
  16  7:24  SCV  
  16  7:32  Starport  
  16  7:36  SCV  
Tags
 
Composition
MMM Bio
Matchup
TvT
Race
Terran
Add a new tag
Caveats
  • Supply blocks, unpowered buildings, or Contaminate may cause inaccurate times.
  • Supply counts are checked every 10 seconds.